 Dungeon Crawl Stone Soup version 0.29.1-14-g9c671dbff4 (webtiles) character file.

Game seed: 15554759421906200746

67 LustLizard the Protected (level 4, -1/32 HPs)
             Began as a Gnoll Wanderer on Feb 17, 2023.
             Slain by an orc wizard
             ... wielding a +0 dagger
              (4 damage)
             ... on level 3 of the Dungeon.
             The game lasted 00:03:23 (1595 turns).

LustLizard the Protected (Gnoll Wanderer)           Turns: 1595, Time: 00:03:24

Health: -1/32      AC: 13    Str: 17    XL:     4   Next: 16%
Magic:  8/8        EV:  9    Int: 10    God:
Gold:   75         SH:  0    Dex: 15    Spells: 9/9 levels left

rFire   . . .      SeeInvis .   a - +0 sling
rCold   . . .      Faith    .   (no shield)
rNeg    . . .      Spirit   .   b - +0 chain mail
rPois   .          Reflect  .   (no helmet)
rElec   .          Harm     .   (no cloak)
rCorr   .          Rampage  .   (no gloves)
Will    .....                   o - +0 pair of boots
Stlth   ..........              (no amulet)
HPRegen 0.10/turn               r - ring of wizardry
MPRegen 0.11/turn               l - +6 ring of strength

@: no status effects
A: fangs 1, strong nose, distributed training
a: no special abilities


You were on level 3 of the Dungeon.
You visited 1 branch of the dungeon, and saw 3 of its levels.

You collected 75 gold pieces.

Inventory:

Hand Weapons
 a - a +0 sling (weapon)
Missiles
 f - 3 poisoned darts
 p - 2 atropa-tipped darts
Armour
 b - a +0 chain mail (worn)
 o - a +0 pair of boots (worn)
 t - a +0 ring mail
Jewellery
 j - a ring of positive energy
 l - a +6 ring of strength (right hand)
 r - a ring of wizardry (left hand)
Scrolls
 d - a scroll of summoning
 i - a scroll of teleportation {unknown}
 n - a scroll of fear {unknown}
 s - a scroll of identify {unknown}
Potions
 c - a potion of attraction
 e - 3 potions of curing {unknown}
 g - a potion of mutation {unknown}
 h - a potion of brilliance {unknown}
 k - a potion of ambrosia {unknown}
 m - a potion of heal wounds {unknown}
 q - a potion of might {unknown}


   Skills:
 + Level 1.1 Fighting
 + Level 1.1 Short Blades
 + Level 1.1 Long Blades
 + Level 1.1 Axes
 + Level 1.1 Maces & Flails
 + Level 1.1 Polearms
 + Level 1.1 Staves
 + Level 4.6 Ranged Weapons
 + Level 1.1 Throwing
 + Level 10.4 Armour
 + Level 4.6 Dodging
 + Level 1.1 Stealth
 + Level 1.1 Shields
 + Level 1.1 Unarmed Combat
 + Level 3.0 Spellcasting
 + Level 0.8 Conjurations
 + Level 0.8 Hexes
 + Level 0.8 Summonings
 + Level 0.8 Necromancy
 + Level 0.8 Translocations
 + Level 0.8 Transmutations
 + Level 0.8 Fire Magic
 + Level 0.8 Ice Magic
 + Level 0.8 Air Magic
 + Level 0.8 Earth Magic
 + Level 0.8 Poison Magic
 + Level 1.2 Invocations
 + Level 1.1 Evocations


You had 9 spell levels left.
You didn't know any spells.
Your spell library contained the following spells:

 Spells                   Type           Power      Damage    Failure   Level
 Stone Arrow              Conj/Erth      6%         3d7       89%         3
 Animate Armour           Summ/Erth      6%         N/A       99%         4
 Iskenderun's Battlesphe  Conj           3%         2d6       100%        5
 Iron Shot                Conj/Erth      1%         9d1       100%        6
 Spellforged Servitor     Conj/Summ      1%         N/A       100%        7
 Lehudib's Crystal Spear  Conj/Erth      1%         10d2      100%        8


Dungeon Overview and Level Annotations

Branches:
Dungeon (3/15)

Altars:


Innate Abilities, Weirdness & Mutations

You have very sharp teeth.
Your uncanny sense of smell can sniff out nearby items.
Your experience applies equally to all skills.


Message History

Fire: a) +0 sling
Press: ? - help, Q - select action, (/) - cycle Shift-Dir - straight line, f - orc
Aim: an orc, wielding a +0 club (severely wounded, 57% to hit)
You shoot a sling bullet. The sling bullet hits the orc.
You kill the orc!
Something hits you but does no damage. x2
Fire: a) +0 sling
Press: ? - help, Q - select action, (/) - cycle Shift-Dir - straight line, f - you Really target yourself? [Y]es or [N]o only, please.
Really target yourself? [Y]es or [N]o only, please.
Really target yourself?
Okay, then.
Fire: a) +0 sling
Press: ? - help, Q - select action, (/) - cycle Shift-Dir - straight line You shoot a sling bullet.
Something hits you but does no damage.
Unknown command.
Something hits you but does no damage.
Fire: a) +0 sling
Press: ? - help, Q - select action, (/) - cycle Shift-Dir - straight line You shoot a sling bullet.
Something hits you but does no damage.
You hear some strange, mumbled words.
Something tries to affect you, but you resist.
Fire: a) +0 sling
Press: ? - help, Q - select action, (/) - cycle Shift-Dir - straight line
Okay, then.
You miss something. Something hits you.
* * * LOW HITPOINT WARNING * * *
Fire: a) +0 sling
Press: ? - help, Q - select action, (/) - cycle Shift-Dir - straight line You shoot a sling bullet.
You hear some strange, mumbled words.
A magic dart appears from out of thin air!
The magic dart hits you.
* * * LOW HITPOINT WARNING * * *
Something hits you.
You die...

.. # .# ..
#.#
#..#####..
#....... ∆
.....#
#..##
#...###
#.#@{)#
##.###)#
#..#
#......#
#.##
...#####
#.# ..#)#
#.#..# ..
##.#.# ###
###>.#.
#...## ∆


There were no monsters in sight!

Vanquished Creatures
  3 adders
  A dart slug (D:1)
  2 orcs (D:3)
  2 ball pythons (D:1)
  3 endoplasms
  A giant cockroach (D:1)
  4 goblins
  3 hobgoblins
  3 jackals (D:2)
  2 quokkas (D:2)
  2 frilled lizards
  4 kobolds
  3 rats (D:1)
33 creatures vanquished.

Vanquished Creatures (others)
  A plant (D:2)
1 creature vanquished.

Grand Total: 34 creatures vanquished

Notes
Turn   | Place    | Note
-------+----------+-------------------------------------------
     0 | D:1      | Reached skill level 10 in Armour
     0 | D:1      | LustLizard the Gnoll Wanderer began the quest for the Orb.
     0 | D:1      | LustLizard set off with the following items: a +0 sling, a
                  | +0 chain mail, a potion of attraction, a scroll of
                  | summoning.
     0 | D:1      | Reached XP level 1. HP: 13/13 MP: 4/4
   322 | D:1      | Reached XP level 2. HP: 19/19 MP: 5/5
   488 | D:1      | Found a faded altar of an unknown god.
   840 | D:2      | Reached XP level 3. HP: 22/25 MP: 7/7
   910 | D:2      | Reached skill level 1 in Invocations
  1296 | D:3      | Reached skill level 1 in Fighting
  1296 | D:3      | Reached skill level 1 in Short Blades
  1296 | D:3      | Reached skill level 1 in Long Blades
  1296 | D:3      | Reached skill level 1 in Axes
  1296 | D:3      | Reached skill level 1 in Maces & Flails
  1296 | D:3      | Reached skill level 1 in Polearms
  1296 | D:3      | Reached skill level 1 in Staves
  1296 | D:3      | Reached skill level 1 in Throwing
  1296 | D:3      | Reached skill level 1 in Stealth
  1296 | D:3      | Reached skill level 1 in Shields
  1296 | D:3      | Reached skill level 1 in Unarmed Combat
  1296 | D:3      | Reached skill level 1 in Evocations
  1322 | D:3      | Reached XP level 4. HP: 25/32 MP: 8/8
  1595 | D:3      | Slain by an orc wizard

Illustrated notes

Levels and vault maps discovered:
D:1:      erik_arrival_triangle_medium, layout_basic,
          hellmonk_ecumenical_altar_run_dry, chequers_serial_rivers_room_b
D:2:      layout_basic, guppyfry_early_lair_pool
D:3:      layout_rooms, lemuel_crystal_altar, led_sif_book

Skill      XL: |  1  2  3  4 |
---------------+-------------+-----
Armour         | | 10.4
Invocations    | 1 |  1.2
Fighting       | 1 |  1.1
Short Blades   | 1 |  1.1
Long Blades    | 1 |  1.1
Axes           | 1 |  1.1
Maces & Flails | 1 |  1.1
Polearms       | 1 |  1.1
Staves         | 1 |  1.1
Throwing       | 1 |  1.1
Stealth        | 1 |  1.1
Shields        | 1 |  1.1
Unarmed Combat | 1 |  1.1
Evocations     | 1 |  1.1
Spellcasting   | 3 |  3.0
Ranged Weapons | |  4.6
Dodging        | |  4.6
Conjurations   | |  0.8
Hexes          | |  0.8
Summonings     | |  0.8
Necromancy     | |  0.8
Translocations | |  0.8
Transmutations | |  0.8
Fire Magic     | |  0.8
Ice Magic      | |  0.8
Air Magic      | |  0.8
Earth Magic    | |  0.8
Poison Magic   | |  0.8

Action                   |  1- 3 |  4- 6 || total
-------------------------+-------+-------++-------
Melee: Sling             |       |     1 ||     1
 Fire: Sling             |    89 |    19 ||   108
Armor: Chain mail        |    36 |    17 ||    53
Dodge: Dodged            |    21 |     4 ||    25
